 Dungeon Crawl Stone Soup version 0.29.0-15-g675c0067aa (webtiles) character file.

Game seed: 18033308189310387004

106 LabCoat the Chopper (level 4, -1/41 HPs)
             Began as a Hill Orc Fighter on Sept 11, 2022.
             Slain by Grinder (4 damage)
             ... while paralysed by Grinder
             ... on level 3 of the Dungeon.
             The game lasted 00:04:32 (2876 turns).

LabCoat the Chopper (Hill Orc Fighter)              Turns: 2876, Time: 00:04:33

Health: -1/41      AC:  7    Str: 20    XL:     4   Next: 84%
Magic:  4/4        EV:  2    Int:  8    God:
Gold:   120        SH:  0    Dex: 10    Spells: 3/3 levels left

rFire   . . .      SeeInvis +   a - +0 war axe (drain)
rCold   . . .      Faith    .   c - +0 buckler
rNeg    . . .      Spirit   .   b - +0 scale mail
rPois   .          Reflect  .   (no helmet)
rElec   .          Harm     .   (no cloak)
rCorr   .          Rampage  .   (no gloves)
Will    .....                   (no boots)
Stlth   ..........              (no amulet)
HPRegen 0.13/turn               f - ring of see invisible
MPRegen 0.09/turn               (no ring)

@: paralysed, mighty
A: no striking features
a: no special abilities


You were on level 3 of the Dungeon.
You visited 1 branch of the dungeon, and saw 3 of its levels.

You collected 120 gold pieces.

Inventory:

Hand Weapons
 a - a +0 war axe of draining (weapon)
 p - a +0 flail
Armour
 b - a +0 scale mail (worn)
 c - a +0 buckler (worn)
Jewellery
 e - an amulet of regeneration
 f - a ring of see invisible (left hand)
 i - a +6 ring of intelligence
Scrolls
 j - 2 scrolls of teleportation
 n - a scroll of blinking {unknown}
 o - a scroll of poison {unknown}
 q - 2 scrolls of identify
Potions
 g - 4 potions of heal wounds
 h - 2 potions of berserk rage
 k - 2 potions of curing
 l - a potion of cancellation {unknown}
 m - a potion of attraction {unknown}


   Skills:
 + Level 4.4 Fighting
 * Level 4.5 Axes
 + Level 3.9 Armour
 + Level 3.9 Shields


You had 3 spell levels left.
You didn't know any spells.
Your spell library was empty.

Dungeon Overview and Level Annotations

Branches:
Dungeon (3/15)

Altars:

Annotations:
D:3 Grinder


Message History

You hit Grinder but do no damage.
Grinder is heavily wounded.
Grinder gestures at you.
You barely resist. Grinder hits you!
You writhe in agony.
You barely miss Grinder.
Grinder is heavily wounded.
Grinder gestures at you.
You suddenly lose the ability to move!
Grinder grins, showing sharp teeth.
Grinder hits you.
You writhe in agony.
* * * LOW HITPOINT WARNING * * *
Grinder hits you.
* * * LOW HITPOINT WARNING * * *
You writhe in agony.
* * * LOW HITPOINT WARNING * * *
You can move again.
You feel much better. Grinder hits you.
You writhe in agony.
You hit Grinder.
Grinder is heavily wounded.
Grinder blinks!
You feel very mighty all of a sudden. Grinder gestures at you.
You suddenly lose the ability to move!
Grinder blinks! x2
You can move again.
Grinder hits you.
You hit Grinder.
Grinder is heavily wounded.
Grinder says, "Mostly I couldn't keep them alive."
Grinder hits you.
You writhe in agony.
Grinder gestures at you.
You suddenly lose the ability to move!
Grinder hits you.
* * * LOW HITPOINT WARNING * * *
You writhe in agony.
* * * LOW HITPOINT WARNING * * *
Grinder hits you.
* * * LOW HITPOINT WARNING * * *
You writhe in agony.
You die...

...#......'...⌠...'..
...#......#.......#...
...#......#.⌠...⌠.#...
...#......#.......# ..
#'#....#'#####'####
#.#.##.#.# .# ..#.##.#.#
.. #
..#.##.#.###########'#.#
..#.##.#........@5.....#
....##.###########.....#
######.# #.....# ### #.#
#####.... ..# #.# ###
..# #.# ..# #.# ### #.#
###### .#####.# #....#


You could see Grinder.

Vanquished Creatures
  4 adders
  A worm (D:2)
  4 orcs (D:3)
  4 endoplasms
  A giant cockroach (D:1)
  5 goblins
  7 hobgoblins
  6 jackals (D:1)
  4 quokkas
  7 ball pythons
  3 bats
  4 frilled lizards
  6 kobolds
  3 rats
59 creatures vanquished.

Notes
Turn   | Place    | Note
-------+----------+-------------------------------------------
     0 | D:1      | LabCoat the Hill Orc Fighter began the quest for the Orb.
     0 | D:1      | Reached XP level 1. HP: 19/19 MP: 1/1
   190 | D:1      | Reached XP level 2. HP: 27/27 MP: 2/2
   571 | D:1      | Reached XP level 3. HP: 32/33 MP: 3/3
  1077 | D:1      | Found a faded altar of an unknown god.
  1282 | D:2      | Reached XP level 4. HP: 38/40 MP: 4/4
  2840 | D:3      | Noticed Grinder
  2846 | D:3      | Paralysed by Grinder for 4 turns
  2856 | D:3      | Paralysed by Grinder for 2 turns
  2862 | D:3      | Paralysed by Grinder for 3 turns
  2864 | D:3      | HP: 1/41 [Grinder (5)]
  2870 | D:3      | Paralysed by Grinder for 3 turns
  2874 | D:3      | Paralysed by Grinder for 4 turns
  2876 | D:3      | Slain by Grinder

Illustrated notes

Levels and vault maps discovered:
D:1:      dpeg_arrival_rooms_c, layout_loops_ring,
          shapermc_ecumenical_altar_mp_vishouse
D:2:      layout_basic, hangedman_glass_teeth, minivault_25
D:3:      layout_basic, minmay_fountain_box, uniq_grinder, uniq_sigmund,
          uniq_natasha

Skill      XL: |  1  2  3 |
---------------+----------+-----
Axes           | 3 4 |  4.5
Fighting       | 4 |  4.4
Armour         | |  3.9
Shields        | |  3.9

Action                   |  1- 3 |  4- 6 || total
-------------------------+-------+-------++-------
Melee: War axe           |   129 |    67 ||   196
  Use: Scroll            |     1 |     5 ||     6
       Potion            |       |     2 ||     2
Armor: Scale mail        |    73 |    24 ||    97
Dodge: Dodged            |    70 |    27 ||    97
Block: Buckler           |    37 |     9 ||    46
